Workbook

Sheet Handicap
A1: Auto-évaluation
A2: Procédure de validation des aquis d'Assistant/e socio-éducatif/ve CFC Handicap Auto-évaluation
A4: Pour chaque objectif évaluateur, indiquer le pourcentage auquel vous correspondez. 100% étant considéré comme pratiqué de manière régulière, 0% étant pas pratiqué
A6: Compétences Communes
A7: A. Domaine de compétences opérationnelles : mise en œuvre de compétences transversales
A8: a1 | B8: Agir en conformité avec son rôle professionnel (compétence obligatoire)
B9: Je garde toujours mon rôle professionnel à l’esprit.
B10: Je dispose d’une identité́ professionnelle propre.
B11: J’analyse et me développe en permanence
B12: J’évalue ma manière de me comporter dans une situation donnée en tenant compte de la protection desdonnées et du secret professionnel et j’adapte mon comportement à la situation.
B13: Je connais mes tâches dans les situations professionnelles et j’agis de manière autonome dans le cadrede mes compétences. Je reconnais toutefois également mes limites personnelles.
B14: Je décris ou cite certains aspects de ma perception de moi-même au travail par les canaux prévus à ceteffet, tels que des entretiens avec des collègues, dans le quotidien professionnel, dans le cadred’entretiens planifiés avec le/la supérieur-e hiérarchique et avec l'équipe
B15: Total en % | C15: =SUM(C9:C14)/6 -> 0
A16: a2 | B16: Réfléchir à son propre travail (compétence obligatoire)
B17: Je réfléchis régulièrement à mes méthodes et à mon attitude de travail
B18: Je discute de mes actions avec des collègues dans des conversations informelles et par les canaux prévus à cet effet.
B19: Je demande un avis et en déduis des mesures pour ma propre action.
B20: J’agis conformément aux directives et aux principes directeurs de l’établissement, et selon les principeséthiques du métier.
B21: Le fait que j’ai une approche critique concernant les sources d'informations fait partie de mon analyse.
B22: J’autoévalue ma propre efficacité, découvre et corrige mes propres erreurs.
B23: J’utilise mon savoir de manière flexible et le transfert sur différentes situations.
B24: Je travaille et analyse mon action et les situations de manière sensible par rapport à l’interculturalité, àla sensibilisation au genre et à la relation entre les générations.
B25: Total en % | C25: =SUM(C17:C24)/8 -> 0
A26: a3 | B26: Établir des relations de manière professionnelle (compétence obligatoire)
B27: J’organise mon quotidien professionnel sur la base de relations professionnelles avec les personnesaccompagnées.
B28: Mon action professionnelle suppose un établissement conscient des relations. Cela implique que je suiscapable de développer, de maintenir, de faire évoluer et, si nécessaire, de rompre des relations.
B29: Je veille dans mon établissement de relations à un degré́ cohérent de proximité et de distance parrapport à chaque personne.
B30: Dans l’organisation de ma relation professionnelle, je me base sur la personnalité de la personneaccompagnée, sur ses besoins, sur son parcours biographique et sur son cadre de vie.
B31: Je tiens compte, à tout moment, du fait que la relation professionnelle avec des personnes ayant besoind’assistance est également déterminée par l’inégalité.
B32: J’identifie des sujets qui en découlent, comme le pouvoir et la dépendance dans la relationd’accompagnement, je les thématise et les traite de manière appropriée.
B33: J’analyse régulièrement l’organisation professionnelle de mes relations par rapport à la qualité et à lacohérence. Je confronte mon mode relationnel à mes propres valeurs et aux normes qui influencent larelation professionnelle.
B34: Total en % | C34: =SUM(C27:C33)/7 -> 0
A35: a4 | B35: Communiquer de manière adaptée au destinataire et à la situation (compétence obligatoire)
B36: J’adapte ma communication aux différentes parties prenantes
B37: Je communique activement avec les personnes accompagnées, selon leurs possibilités decommunication.
B38: Je recours à des formes ou moyens de communication ad-hoc selon la situation et soutiens le processusde communication de manière adéquate.
B39: J’utilise la communication de manière ciblée pour encourager la personne accompagnée sur le planlinguistique de manière orientée vers le développement et adaptée au quotidien.
B40: J’accorde de l’importance à une communication respectueuse et je veille à choisir un niveau decommunication permettant à mes interlocuteurs/-trices de se faire comprendre
B41: J’assume consciemment ma fonction d’exemple dans la communication et agis en conséquence.
B42: Total en % | C42: =SUM(C36:C41)/6 -> 0
A43: a5 | B43: Contribuer à la résolution de conflits (compétence obligatoire)
B44: J’identifie les conflits entre personnes accompagnées.
B45: Je réfléchis aux causes du conflit et peux les replacer dans leur contexte.
B46: Je décide des mesures adaptées et les mets en oeuvre.
B47: Je peux également décider de ne pas intervenir et de laisser les personnes accompagnées régler elles-mêmes la situation. Encore, je peux assister de manière ciblée une personne accompagnée,accompagner le conflit au niveau de la communication et proposer des solutions.
B48: Si la situation le requiert, j’interviens immédiatement et résous la situation.
B49: Je décide, dans le cadre des directives de l’établissement, d’avoir recours ou non à une personneprécise dans un conflit.
B50: Lors d’un conflit, j’évalue ma participation personnelle et prends, le cas échéant, les mesuresnécessaires.
B51: Total en % | C51: =SUM(C44:C50)/7 -> 0
A52: B. Domaine de compétences opérationnelles : accompagnement au quotidien (6 compétences minimum obligatoires)
A53: b1 | B53: Planifier son travail
B54: Je planifie mes propres tâches et discute les activités et les rendez-vous du groupe en concertation avecl’équipe.
B55: Pour ce faire, j’esquisse une vue d’ensemble et rédige un plan des activités prévues, tout en tenantcompte des besoins et de l’autonomie des personnes accompagnées.
B56: Dans le cadre de la planification, J’inclus autant que possible les personnes accompagnées et lesinforme de manière adéquate.
B57: J’assume la responsabilité de l’ensemble des tâches déléguées. Les tâches spécifiques confiées à monéquipe son intégrées dans mon emploi du temps quotidien.
B58: Total en % | C58: =SUM(C54:C57)/4 -> 0
A59: b2 | B59: Organiser de manière structurée le déroulement de la journée avec les personnes accompagnées (compétence obligatoire)
B60: Je structure l’emploi du temps journalier des personnes accompagnées. Dans ce contexte, j’obéis à desrituels adéquats au cours de la journée.
B61: J’adapte les activités aux situations imprévues et aux besoins et ressources des personnesaccompagnées.
B62: J’organise de manière ajustée aux besoins les situations transitoires survenant quotidiennement etencadre les personnes accompagnées dans ce contexte.
B63: Je transmets les informations pertinentes aux membres de l’équipe en cours de journée.
B64: Je tiens compte des différents domaines de développement et d’activité dans l’accompagnement despersonnes.
B65: Je planifie les activités en impliquant autant que possible les personnes accompagnées.
B66: Total en % | C66: =SUM(C60:C65)/6 -> 0
A67: b3 | B67: Protéger la sphère privée et ménager des possibilités d’intimité (compétence obligatoire)
B68: J’accompagne des personnes qui ne sont pas totalement capables de s’isoler ni de se protégerphysiquement ou psychiquement.
B69: Je propose des possibilités d’isolement pour assurer la protection de la sphère privée de la personneaccompagnée.
B70: Je suis attentif/ve aux situations exigeantes avec les personnes accompagnées, identifie leurs besoinset réagis de manière adéquate à la situation.
B71: Je perçois les différents besoins de sommeil et de repos des personnes accompagnées, prisséparément, mais aussi au sein du groupe.
B72: J’accompagne les phases de repos et de sommeil en fonction des besoins et tiens aussi bien comptedes besoins des personnes accompagnées que de ceux du groupe.
B73: Je veille notamment à ce que la protection de la vie privée et de la dignité des personnes accompagnéessoit assurée dans le cadre des soins corporels.
B74: Je suis respectueux/euse des personnes accompagnées.
B75: Je protège la vie privée de chaque personne accompagnée vis-à-vis des autres personnes.
B76: J’identifie les besoins sexuels des personnes accompagnées et réagis de manière adéquate, dans lerespect des concepts de l’établissement et des droits humains fondamentaux.
B77: Total en % | C77: =SUM(C68:C76)/9 -> 0
A78: b4 | B78: Organiser l’environnement quotidien
B79: J’aménage les locaux publics et semi-publics ainsi que l’environnement quotidien conformément auxbesoins. Dans ce contexte, je tiens compte des besoins, des centres d'intérêt, des préoccupations et dela biographie des personnes accompagnées.
B80: Lors de l’aménagement des locaux, j’implique, dans la mesure du possible, les personnesaccompagnées et fournis des matériaux en fonction de leurs besoins.
B81: Je contrôle régulièrement l’ergonomie et la fonctionnalité des locaux pour les personnes accompagnéeset pour moi-même, et prends les mesures nécessaires le cas échéant.
B82: Je veille à ce que les locaux ne présentent pas de risque et disposent d’indications d’orientationrépondant aux besoins de la personne accompagnée.
B83: Lorsqu’il s’agit des locaux privés de la personne accompagnée, la priorité est accordée à son auto-nomie, et je l’assiste dans l’aménagement individuel de ses locaux.
B84: Total en % | C84: =SUM(C79:C83)/5 -> 0
A85: b5 | B85: Effectuer des tâches d’économie domestique
B86: Je m’acquitte de travaux d’économie domestique
B87: J’accompagne les personnes accompagnées dans l’exécution des tâches d’économie domestique. Cefaisant, je tiens toujours compte des préoccupations, des besoins et des possibilités de la personneaccompagnée, ainsi que de ma sécurité.
B88: En outre, je veille à un comportement respectueux de l’environnement et respecte les directives relativesà l’hygiène.
B89: Je sais quelles tâches d’économie domestique concernent la vie privée et celles concernantl’organisation personnelle de la vie des personnes accompagnées. Dans ces situations, j’incite, dans lamesure du possible, les personnes accompagnées à assumer leurs préoccupations et leurs préférences.
B90: Total en % | C90: =SUM(C86:C89)/4 -> 0
A91: b6 | B91: Préparer et accompagner la prise de repas (compétence obligatoire)
B92: Je discute de l’organisation des repas et des collations avec l’équipe.
B93: J’élabore avec l’équipe et, si possible, avec les personnes accompagnées des propositions de menuset prépare les repas.
B94: J’émets des propositions en vue d’assurer une nourriture saine et équilibrée.
B95: Je veille aux préférences individuelles et aux aspects sanitaires, tels que les intolérances, les allergies,l’alimentation pour bébé, et respecte les accords conclus en ce sens avec les proches de la personneaccompagnée.
B96: J’observe les quantités consommées du point de vue de la santé et réagis de manière adéquate.
B97: Dans la mesure du possible, j’implique la personne accompagnée dans la préparation et l’organisationdes repas ou l’assiste dans leur réalisation.
B98: J’organise le repas en fonction des besoins individuels et profite de la situation pour discuter avec lespersonnes accompagnées.
B99: Pendant le repas, j’assiste ceux/celles qui ont besoin d’aide et encourage l’autonomie.
B100: Total en % | C100: =SUM(C92:C99)/8 -> 0
A101: b7 | B101: Créer un environnement qui stimule la mobilité
B102: J’incite les personnes accompagnées à prendre en compte leurs besoins de motricité, de récupérationet de détente et les incite à organiser le déroulement de leur journée et de leur temps libre enconséquence.
...

Sheet Résultats "Handicap"
A1: Résultats VAE CFC ASE Handicap
A2: a1 | B2: Agir en conformité avec son rôle professionnel | C2: =Handicap!C15 -> 0
A3: a2 | B3: Réfléchir à son propre travail | C3: =Handicap!C25 -> 0
A4: a3 | B4: Etablir des relations de manière professionnelle | C4: =Handicap!C34 -> 0
A5: a4 | B5: Communiquer de manière adaptée au destinataire et à la situation | C5: =Handicap!C42 -> 0
A6: a5 | B6: Contribuer à la résolution de conflits | C6: =Handicap!C51 -> 0
A7: A. Mise en œuvre de compétences transversales | C7: =SUM(C2:C6)/5 -> 0
A8: b1 | B8: Planifier son travail | C8: =Handicap!C58 -> 0
A9: b2 | B9: Organiser de manière structurée le déroulement de la journée avec les personnes accompagnées | C9: =Handicap!C66 -> 0
A10: b3 | B10: Protéger la sphère privée et ménager des possibilités d’intimité | C10: =Handicap!C77 -> 0
A11: b4 | B11: Organiser l’environnement quotidien | C11: =Handicap!C84 -> 0
A12: b5 | B12: Effectuer des tâches d’économie domestique | C12: =Handicap!C90 -> 0
A13: b6 | B13: Préparer et accompagner la prise de repas | C13: =Handicap!C100 -> 0
A14: b7 | B14: Créer un environnement qui stimule la mobilité | C14: =Handicap!C106 -> 0
A15: b8 | B15: Apporter un soutien pour l’hygiène et les soins corporels | C15: =Handicap!C115 -> 0
A16: b9 | B16: Agir de manière appropriée lors de situations d’accident, de maladie et d’urgence | C16: =Handicap!C121 -> 0
A17: B. Accompagnement au quotidien | C17: =SUM(C8:C16)/9 -> 0
A18: c1 | B18: Encourager et accompagner la participation à la vie sociale et culturelle | C18: =Handicap!C130 -> 0
A19: c2 | B19: Accompagner les personnes dans leurs processus de décision | C19: =Handicap!C138 -> 0
A20: c3 | B20: Soutenir les contacts sociaux et les relations | C20: =Handicap!C146 -> 0
A21: C. Encouragement de l’autonomie et de la participation | C21: =SUM(C18:C20)/3 -> 0
A22: d1 | B22: Collaborer au sein de l’équipe | C22: =Handicap!C154 -> 0
A23: d2 | B23: Collaborer avec des professionnels d’autres domaines | C23: =Handicap!C160 -> 0
A24: d3 | B24: Collaborer avec des proches et d’autres personnes de référence | C24: =Handicap!C167 -> 0
A25: d4 | B25: Collaborer au processus de gestion de la qualité | C25: =Handicap!C173 -> 0
A26: d5 | B26: Effectuer des tâches administratives générales | C26: =Handicap!C176 -> 0
A27: D. Travail au sein d’une organisation et en équipe | C27: =SUM(C22:C26)/5 -> 0
A28: e5 | B28: Accompagner les personnes en situation de handicap lors de situations d'arrivée et de départ | C28: =Handicap!C187 -> 0
A29: e6 | B29: Accompagner les personnes en situation de handicap lors de situations exigeantes en matière de prise en charge | C29: =Handicap!C194 -> 0
A30: e7 | B30: Prodiguer des soins spécifiques aux personnes en situation de handicap | C30: =Handicap!C200 -> 0
A31: e8 | B31: Accompagner les personnes en situation de handicap lorsqu’elles vieillissent | C31: =Handicap!C206 -> 0
A32: E. Gestes adéquats dans des situations d’accompagnement spécifiques | C32: =SUM(C28:C31)/4 -> 0
A33: f5 | B33: Soutenir les personnes en situation de handicap dans l’expression de leurs préoccupations et de leurs besoins quant à l’organisation de leur vie | C33: =Handicap!C214 -> 0
A34: f6 | B34: Participer à la planification de prestations et d’activités pour les personnes en situation de handicap | C34: =Handicap!C221 -> 0
A35: f7 | B35: Accompagner les personnes en situation de handicap lors de la réalisation de prestations et d’activités | C35: =Handicap!C226 -> 0
A36: f8 | B36: Participer à l’évaluation des prestations et des activités pour les personnes en situation de handicap | C36: =Handicap!C233 -> 0
A37: F. Soutien à l’éducation et au développement, maintien et amélioration de la qualité de vie | C37: =SUM(C33:C36)/4 -> 0
B38: Moyenne totale | C38: =(C7+C17+C21+C27+C32+C37)/6 -> 0
